 Dungeon Crawl Stone Soup version 0.24-a0-290-gbb66a672fa (webtiles) character file.

Game seed: 13474007304148320475

217232 HAL9000 the Imperceptible (level 19, 0/92 HPs)
             Began as a Vine Stalker Enchanter on May 5, 2019.
             Was the Champion of Dithmenos.
             Succumbed to a sea snake's poison
             ... on level 4 of the Shoals on May 8, 2019.
             The game lasted 02:50:59 (41582 turns).

HAL9000 the Imperceptible (Vine Stalker Enchanter) Turns: 41582, Time: 02:51:00

Health: 0/92       AC: 16    Str: 14    XL:     19   Next: 8%
Magic:  4/33       EV: 13    Int: 17    God:    Dithmenos [******]
Gold:   1206       SH: 10    Dex: 24    Spells: 6/36 levels left

rFire    + . .     SeeInvis +   k - +12 Vampire's Tooth {vamp}
rCold    . . .     Gourm    .   M - +2 buckler
rNeg     + . .     Faith    .   n - +0 steam dragon scales
rPois    .         Spirit   +   L - +2 hat {SInv}
rElec    .         Reflect  .   i - scarf {repulsion}
rCorr    .         Harm     .   (no gloves)
MR       ++...                  u - +2 pair of boots
Stlth    ++++++++++             F - amulet of magic regeneration
HPRegen  2.05/turn              z - +4 ring of protection
MPRegen  0.48/turn              b - ring "Foker" {+Blink +Fly rF+ rN+ Dex+6}

@: lethally poisoned (0 -> -13), swift, very slightly contaminated, regenerating
(expiring), wreathed by umbra, repel missiles, quick
A: fangs 3, regeneration 2, magic shield, antimagic bite, no potion heal 3, rot
immunity
}: 1/15 runes: gossamer
a: Shadow Step, Shadow Form, Renounce Religion, Evoke Blink, Evoke Flight


You were on level 4 of the Shoals.
You worshipped Dithmenos.
Dithmenos was exalted by your worship.
You were hungry.

You visited 6 branches of the dungeon, and saw 32 of its levels.

You collected 3538 gold pieces.
You spent 2332 gold pieces at shops.

Inventory:

Hand Weapons
 k - the +12 Vampire's Tooth (weapon) {vamp}
   (You found it on level 13 of the Dungeon)

   It inflicts no extra harm, but heals its wielder when it wounds a living foe.
Missiles
 a - 32 javelins (quivered)
 s - 12 throwing nets
 t - 102 tomahawks
 v - 15 javelins of returning
 D - 13 steel javelins
 O - 11 silver tomahawks
 W - 13 poisoned javelins
 X - 4 exploding tomahawks
Armour
 i - a scarf of repulsion (worn)
 n - +0 steam dragon scales (worn)
 u - a +2 pair of boots (worn)
 L - a +2 hat of see invisible (worn)
 M - a +2 buckler (worn)
 T - a +0 shield of positive energy
 Y - a +2 cloak of poison resistance
Jewellery
 b - the ring "Foker" (right hand) {+Blink +Fly rF+ rN+ Dex+6}
   (You found it on level 6 of the Lair of Beasts)

   [ring of flight]

   It affects your dexterity (+6).
   It protects you from fire.
   It protects you from negative energy.
   It lets you fly.
   It lets you blink.
 z - a +4 ring of protection (left hand)
 F - an amulet of magic regeneration (around neck)
 Q - a +4 ring of protection
Wands
 A - a wand of acid (28)
 C - a wand of iceblast (10)
 H - a wand of paralysis (6)
 J - a wand of disintegration (16)
 R - a wand of digging (19)
Scrolls
 d - 2 scrolls of amnesia
 e - 17 scrolls of remove curse
 j - 10 scrolls of teleportation
 l - 4 scrolls of fear
 m - 6 scrolls of fog
 w - a scroll of enchant armour
 G - 4 scrolls of magic mapping
 N - a scroll of summoning
 S - a scroll of holy word
 U - 2 scrolls of silence
 V - 8 scrolls of identify
Potions
 f - 8 potions of flight
 g - 3 potions of cancellation
 h - a potion of invisibility
 o - 4 potions of curing
 p - 8 potions of ambrosia
 q - 7 potions of agility
 r - 3 potions of berserk rage
 B - 3 potions of might
 K - 6 potions of haste
 P - 2 potions of magic
Miscellaneous
 E - a lamp of fire
Comestibles
 c - 8 chunks of flesh
 I - 42 rations


   Skills:
 - Level 7.0 Fighting
 - Level 10.2 Short Blades
 - Level 8.1 Armour
 - Level 2.0 Dodging
 - Level 21.7 Stealth
 + Level 12.4 Shields
 - Level 9.1 Spellcasting
 - Level 12.7 Hexes
 + Level 11.3 Charms
 - Level 7.0 Evocations


You had 6 spell levels left.
You knew the following spells:

 Your Spells              Type           Power        Failure   Level  Hunger
a - Yara's Violent Unrav  Hex/Tmut       ####......   19%         5    #####..
b - Regeneration          Chrm/Necr      ####......   2%          3    None
c - Confuse               Hex            ######..     1%          3    None
d - Cause Fear            Hex            ######....   1%          4    ###....
e - Swiftness             Chrm/Air       ####....     1%          2    None
f - Deflect Missiles      Chrm/Air       ####......   80%         6    ######.
g - Shroud of Golubria    Chrm/Tloc      ####......   1%          2    None
h - Silence               Hex/Air        ####......   19%         5    #####..

Your spell library contained the following spells:

 Spells                   Type           Power        Failure   Level  Hunger
 Confusing Touch          Hex            ######       1%          1    None
 Corona                   Hex            ######.      1%          1    None
 Infusion                 Chrm           ####         1%          1    None
 Ensorcelled Hibernation  Hex/Ice        ####..       1%          2    None
 Dazzling Spray           Conj/Hex       ####..       1%          3    None
 Portal Projectile        Hex/Tloc       ####..       1%          3    None
 Tukima's Dance           Hex            ######..     1%          3    None
 Ozocubu's Armour         Chrm/Ice       ####....     2%          3    None
 Fulminant Prism          Conj/Hex       ####......   7%          4    ###....
 Flame Tongue             Conj/Fire      #....        10%         1    None
 Freeze                   Ice            #...         10%         1    None
 Magic Dart               Conj           #...         10%         1    None
 Shock                    Conj/Air       #...         10%         1    None
 Blink                    Tloc           N/A          14%         2    None
 Searing Ray              Conj           #.....       14%         2    None
 Throw Frost              Conj/Ice       #.....       14%         2    None
 Metabolic Englaciation   Hex/Ice        ####......   19%         5    #####..
 Conjure Flame            Conj/Fire      #.......     28%         3    None
 Gell's Gravitas          Tloc           #.........   28%         3    None
 Lesser Beckoning         Tloc           #.........   28%         3    None
 Static Discharge         Conj/Air       #.......     28%         3    None
 Teleport Other           Tloc           #.......     28%         3    None
 Airstrike                Air            #.........   67%         4    ###....
 Force Lance              Conj/Tloc      #.......     67%         4    ###....
 Iskenderun's Mystic Bla  Conj           #.......     67%         4    ###....
 Passage of Golubria      Tloc           N/A          67%         4    ###....
 Petrify                  Tmut/Erth      #.......     67%         4    ###....
 Summon Ice Beast         Ice/Summ       #.......     67%         4    ###....
 Throw Icicle             Conj/Ice       #.......     67%         4    ###....
 Bolt of Magma            Conj/Fire/Erth #.........   95%         5    #####..
 Lightning Bolt           Conj/Air       #.........   95%         5    #####..
 Bolt of Fire             Conj/Fire      #.........   100%        6    ######.
 Dispersal                Tloc           #.........   100%        6    ######.
 Discord                  Hex            ######....   97%         8    #######
 Controlled Blink         Tloc           N/A          100%        8    #######
 Disjunction              Tloc           #.........   100%        8    #######


Dungeon Overview and Level Annotations

Branches:
Dungeon (15/15)            Temple (1/1) D:4            Lair (6/6) D:9
 Shoals (4/4) Lair:3       Spider (4/4) Lair:2        Slime (0/5) Lair:6
    Orc (2/2) D:12            Elf (0/3) Orc:2        Vaults (0/5) D:14
 Depths (0/5) D:15

Altars:
Ashenzari
Cheibriados
Dithmenos
Elyvilon
Fedhas
Gozag
Hepliaklqana
Kikubaaqudgha
Makhleb
Nemelex Xobeh
Okawaru
Qazlal
Ru
Sif Muna
Trog
Uskayaw
Vehumet
Wu Jian
Xom
Yredelemnul
Zin
The Shining One
Jiyva

Shops:
D:6 *   Orc:2 (:*[   Shoals:4 %

Annotations:
Lair:1 1 exclusion
Lair:5 1 runed translucent door, Houdghis's ghost, journeyman OpNe
Shoals:3 exclusion: oklob plant


Innate Abilities, Weirdness & Mutations

You have razor-sharp teeth.
You heal very quickly.
When hurt, damage is shared between your health and your magic reserves.
Your bite disrupts and absorbs the magic of your enemies.
Potions cannot restore your health.
You are immune to rotting.


Message History

You feel quick.
The shadowy forms in the deep grow still as others approach.
The merfolk avatar chants a haunting song.
You resist with almost no effort.
Casting: Swiftness (safe; 1% risk of failure)
Confirm with . or Enter, or press ? or * to list all spells.
Your skin crawls.
You are feeling hungry.
The merfolk avatar chants a haunting song.
You resist with almost no effort. The sea snake bites you!
* * * LOW HITPOINT WARNING * * *
You are lethally poisoned!
The sea snake poisons you!
Okay, then.
Unknown command.
Blink to where?
Press: ? - help, Dir - move target cursor
As you read the scroll of blinking, it crumbles to dust.
Your skin is crawling a little less now.
You die...

≈).).....###.#.#mm##....[..)≈≈≈≈≈
≈.))...#.###≈.φ.≈###.......))≈≈≈≈
≈..)≈.....##.#)#.w#........≈≈≈≈≈≈
≈..≈≈.....#mm.≈..m#≈......≈≈≈≈≈≈≈
≈).≈≈....≈#..#.≈m##≈.....≈≈≈≈≈≈..
≈.≈≈≈≈.....#######......≈≈≈≈≈≈≈..
..≈≈≈≈P.PPm≈.###.#......≈≈≈≈≈≈≈≈≈
≈≈≈≈≈≈≈P.SP?...........≈≈≈≈≈≈≈≈≈≈
≈≈≈≈≈≈≈≈P§.P....@......≈≈≈≈≈≈≈≈≈≈
≈≈≈≈≈≈≈≈≈P≈PP.........≈≈≈≈≈≈≈≈≈≈≈
≈≈≈≈≈.P.≈≈PPPP........≈≈≈≈≈≈≈≈≈≈≈
≈≈≈≈≈..≈≈PPPP≈≈≈≈≈..≈≈≈≈≈≈≈≈≈≈≈≈≈
≈≈≈≈≈..P≈≈PP≈≈≈≈≈≈≈≈≈≈≈≈≈≈≈≈≈≈≈≈≈
≈≈≈≈≈≈≈≈≈..P≈≈≈≈≈≈≈≈≈≈≈≈≈≈≈≈≈≈≈≈≈
≈≈≈≈≈≈≈≈.....≈.≈≈≈≈≈≈≈≈≈≈≈≈≈≈≈≈≈≈
≈≈≈≈≈≈≈≈≈P≈≈≈≈≈≈≈≈≈≈≈≈≈≈≈≈≈≈≈≈≈≈≈
≈≈≈≈≈≈≈≈≈≈≈≈≈≈≈≈≈≈≈≈≈≈≈≈ ≈≈≈≈≈≈


You could see a merfolk impaler and a sea snake.

Vanquished Creatures
  Saint Roka (Orc:2)
  Arachne (Spider:4)
  Gastronok (Lair:2)
  The ghost of P0WERM0DE the Pandemonic, an adept DDFi of Makhleb (Shoals:4)
  A fire giant (D:13)
  7 emperor scorpions
  4 ghost moths
  An orc warlord (Orc:1)
  A stone giant (Orc:1)
  The ghost of P0WERM0DE the Champion of Chaos, a journeyman DDFi of Makhleb (Spider:3)
  Nessos (D:12)
  2 vampire knights (D:13)
  2 entropy weavers
  5 dire elephants
  Azrael (D:13)
  2 spark wasps (Spider:3)
  5 merfolk javelineers
  2 ettins
  3 merfolk impalers
  A fire dragon (Lair:1)
  8 vault guards (D:14)
  2 centaur warriors
  5 merfolk aquamancers
  6 hydras
  A merfolk avatar (Shoals:1)
  An anaconda (Lair:6)
  5 two-headed ogres
  A satyr (shapeshifter) (D:13)
  4 orc high priests (Orc:2)
  2 satyrs (Shoals:3)
  Nergalle (D:12)
  6 skeletal warriors
  6 sea snakes
  A necromancer (D:15)
  9 harpies
  2 wizards (D:15)
  11 orb spiders
  3 deep elf magi
  23 wolf spiders
  17 fauns
  5 cyclopes
  7 orc knights
  12 ugly things
  4 oklob plants
  9 orc sorcerers
  14 manticores
  18 elephants
  A centaur zombie (D:10)
  10 water nymphs
  11 merfolk sirens
  2 torpor snails (Spider:3)
  A black mamba (Lair:2)
  17 spiny frogs
  4 gargoyles
  3 rime drakes
  An efreet (D:13)
  9 komodo dragons
  8 demonic crawlers
  A freezing wraith (D:15)
  A troll (shapeshifter) (D:15)
  A polar bear (Lair:4)
  2 tyrant leeches (D:13)
  A polar bear (shapeshifter) (D:14)
  40 merfolk
  27 jumping spiders
  2 hornets
  7 trolls
  5 wind drakes
  8 hippogriffs
  7 slime creatures
  9 snapping turtles
  6 dream sheep
  20 blink frogs
  2 centaur simulacra
  97 redbacks
  5 wyverns
  3 vampires
  15 water elementals
  5 basilisks
  23 tarantellas
  2 wraiths
  37 yaks
  2 shadows
  2 fire elementals (D:13)
  2 hungry ghosts
  A steam dragon (D:10)
  15 vampire mosquitoes
  9 wargs
  13 water moccasins
  3 hell hounds (D:13)
  3 acid dragons
  Duvessa (D:5)
  7 porcupines
  41 orc warriors
  5 sky beasts
  7 ice beasts
  A hornet zombie (D:15)
  3 phantoms
  A black bear (D:12)
  3 eyes of draining
  A necrophage (D:8)
  13 ogres
  42 wolves
  10 centaurs
  16 crocodiles
  9 big kobolds
  3 gnoll sergeants (D:12)
  13 bullfrogs
  Dowan (D:5)
  A wyvern skeleton (D:14)
  2 scorpions
  11 killer bees (D:11)
  3 wights (D:13)
  2 electric eels
  2 howler monkeys
  7 crimson imps
  A bullfrog zombie (D:6)
  A quasit (D:9)
  8 hounds
  13 orc priests
  21 orc wizards
  3 bullfrog skeletons
  2 jellies
  7 centaur skeletons
  A gnoll shaman (D:6)
  Ijyb (D:5)
  4 worker ants
  A hound skeleton (D:5)
  2 worker ant zombies
  12 gnolls
  15 adders
  7 shadow imps
  2 oozes
  2 adder zombies
  3 worms
  2 dart slugs
  5 leopard geckos
  89 orcs
  A ball python (D:5)
  4 bats
  4 giant cockroaches
  10 goblins
  10 hobgoblins
  4 jackals (D:2)
  2 quokkas
  3 frilled lizards
  3 goblin skeletons (D:7)
  A goblin zombie (D:7)
  2 hobgoblin zombies (D:7)
  A jackal skeleton (D:5)
  39 kobolds
  A kobold zombie (D:7)
  3 rats
  2 butterflies (Lair:5)
  7 plants
1173 creatures vanquished.

Vanquished Creatures (collateral kills)
  A redback (Spider:4)
1 creature vanquished.

Vanquished Creatures (others)
  A redback (Spider:4)
  2 orcs (Orc:2)
  39 fungi
  17 plants
  4 tentacles (Shoals:4)
63 creatures vanquished.

Grand Total: 1237 creatures vanquished

Notes
Turn   | Place    | Note
-------+----------+-------------------------------------------
     0 | D:1      | HAL9000 the Vine Stalker Enchanter began the quest for the
                  | Orb.
     0 | D:1      | Reached XP level 1. HP: 9/9 MP: 4/4
   177 | D:1      | Reached XP level 2. HP: 11/13 MP: 3/6
   252 | D:1      | Learned a level 2 spell: Ensorcelled Hibernation
   396 | D:1      | Reached skill level 1 in Short Blades
   646 | D:1      | Reached XP level 3. HP: 11/16 MP: 2/7
  1676 | D:2      | Learned a level 3 spell: Confuse
  1838 | D:2      | Found a bloodstained altar of Trog.
  2117 | D:3      | Gained mutation: Your natural rate of healing is unusually
                  | fast. [Vine Stalker growth]
  2117 | D:3      | Reached XP level 4. HP: 9/21 MP: 1/8
  2287 | D:3      | Found an iron altar of Okawaru.
  2299 | D:3      | You fall through a shaft!
  2329 | D:4      | Found an ancient bone altar of Kikubaaqudgha.
  2332 | D:4      | Found a blossoming altar of Fedhas.
  2444 | D:4      | Found a stormy altar of Qazlal.
  2600 | D:4      | Noticed an ogre
  2604 | D:4      | Noticed a phantom
  2617 | D:4      | Killed an ogre
  2617 | D:4      | Reached skill level 5 in Hexes
  2617 | D:4      | Reached XP level 5. HP: 21/24 MP: 4/9
  2712 | D:3      | Found an opulent altar of Gozag.
  3478 | D:4      | Found a sparkling altar of Nemelex Xobeh.
  3523 | D:3      | Reached XP level 6. HP: 18/28 MP: 2/10
  3784 | D:4      | Found a staircase to the Ecumenical Temple.
  3796 | Temple   | Entered the Ecumenical Temple
  4950 | D:5      | Entered Level 5 of the Dungeon
  4950 | D:5      | Noticed Duvessa
  4950 | D:5      | Noticed Dowan
  5137 | D:5      | Killed Duvessa
  5156 | D:5      | Killed Dowan
  5156 | D:5      | Reached XP level 7. HP: 20/32 MP: 2/11
  5589 | D:5      | Found a hazy altar of Hepliaklqana.
  5738 | D:5      | Noticed Ijyb
  5750 | D:5      | Killed Ijyb
  5959 | D:5      | Found a blossoming altar of Fedhas.
  6501 | D:6      | Gained mutation: You have razor-sharp teeth. [Vine Stalker
                  | growth]
  6501 | D:6      | Reached XP level 8. HP: 33/36 MP: 3/12
  6614 | D:6      | Found Fiaseco's General Store.
  6876 | D:6      | Reached skill level 5 in Short Blades
  6883 | D:6      | Found a shadowy altar of Dithmenos.
  7008 | D:6      | Became a worshipper of Dithmenos the Shadowed
  7663 | D:7      | Found a glowing golden altar of the Shining One.
  7705 | D:7      | Found an ornate altar of the Wu Jian Council.
  7727 | D:7      | Found a shadowy altar of Dithmenos.
  7794 | D:7      | Found a snail-covered altar of Cheibriados.
  7960 | D:7      | Found a glowing silver altar of Zin.
  8200 | D:7      | Noticed a slime creature
  8213 | D:7      | Killed a slime creature
  8216 | D:7      | Noticed a slime creature
  8233 | D:7      | Reached XP level 9. HP: 25/39 MP: 3/13
  8282 | D:7      | Reached skill level 10 in Hexes
  8353 | D:7      | Found a basalt altar of Yredelemnul.
  8516 | D:8      | Noticed a two-headed ogre
  8626 | D:7      | Killed a two-headed ogre
  8927 | D:8      | Identified the cursed +1 ring mail of Dyspraxia {MR+++
                  | Str+2}
  8933 | D:8      | Reached * piety under Dithmenos
  9162 | D:8      | Reached skill level 4 in Stealth
  9224 | D:8      | Reached XP level 10. HP: 39/44 MP: 14/14
  9809 | D:9      | Found a staircase to the Lair.
  9865 | D:9      | Reached skill level 5 in Stealth
 10386 | D:10     | Entered Level 10 of the Dungeon
 10398 | D:10     | Reached ** piety under Dithmenos
 10635 | D:10     | Reached skill level 6 in Stealth
 11118 | D:10     | Reached skill level 7 in Stealth
 11315 | D:10     | Noticed a manticore
 11411 | Lair:1   | Entered Level 1 of the Lair of Beasts
 11672 | Lair:1   | Reached skill level 8 in Stealth
 11695 | Lair:1   | Reached skill level 10 in Short Blades
 11696 | Lair:1   | Reached XP level 11. HP: 47/47 MP: 15/15
 11841 | Lair:1   | Noticed a fire dragon
 11988 | Lair:1   | Reached skill level 9 in Stealth
 12171 | Lair:1   | Reached skill level 10 in Stealth
 12465 | Lair:1   | Reached skill level 1 in Fighting
 12706 | Lair:1   | Reached skill level 1 in Armour
 12778 | Lair:1   | Killed a fire dragon
 12972 | Lair:1   | Identified the Handbook of the Voyage
 12975 | Lair:1   | Identified the Handbook of Flamy Beguiling
 12982 | Lair:1   | Learned a level 4 spell: Cause Fear
 13192 | Lair:2   | Reached *** piety under Dithmenos
 13246 | Lair:2   | Noticed Gastronok
 13259 | Lair:2   | Killed Gastronok
 13384 | Lair:2   | Noticed a seven-headed hydra
 13582 | Lair:2   | Noticed a four-headed hydra
 13583 | Lair:2   | Killed a seven-headed hydra
 13583 | Lair:2   | Reached skill level 5 in Armour
 13754 | Lair:2   | Gained mutation: You heal very quickly. [Vine Stalker
                  | growth]
 13754 | Lair:2   | Reached XP level 12. HP: 58/58 MP: 13/16
 14287 | Lair:2   | Reached skill level 5 in Fighting
 14351 | Lair:2   | Killed a four-headed hydra
 14674 | Lair:2   | Found a hole to the Spider Nest.
 15273 | Lair:2   | Reached skill level 11 in Stealth
 15838 | Lair:3   | Reached **** piety under Dithmenos
 15848 | Lair:3   | Found a staircase to the Shoals.
 16009 | Lair:3   | Reached skill level 12 in Stealth
 16027 | Lair:3   | Noticed an eight-headed hydra
 16033 | Lair:3   | Killed an eight-headed hydra
 16615 | Lair:4   | Noticed a five-headed hydra
 16619 | Lair:4   | Killed a five-headed hydra
 16619 | Lair:4   | Reached skill level 13 in Stealth
 16651 | Lair:4   | Reached XP level 13. HP: 66/66 MP: 17/17
 16699 | Lair:4   | Reached skill level 14 in Stealth
 16965 | Lair:4   | Found a frozen archway.
 17271 | Lair:4   | Reached skill level 15 in Stealth
 18041 | Lair:5   | Reached skill level 16 in Stealth
 18642 | Lair:5   | Found a runed translucent door.
 18643 | Lair:5   | Noticed Houdghis's ghost (journeyman OpNe)
 18647 | Lair:5   | Identified the +9 trident of Pyromania {venom, Dex+3}
 19154 | Lair:6   | Entered Level 6 of the Lair of Beasts
 19294 | Lair:6   | Reached skill level 17 in Stealth
 19329 | Lair:6   | Reached XP level 14. HP: 72/72 MP: 12/18
 20190 | Lair:6   | Found a viscous altar of Jiyva.
 20191 | Lair:6   | Found a staircase to the Slime Pits.
 20795 | Lair:6   | Noticed a dire elephant
 20795 | Lair:6   | Noticed a dire elephant
 20808 | Lair:6   | Noticed a dire elephant
 20829 | Lair:6   | Noticed a dire elephant
 21016 | Lair:5   | Killed a dire elephant
 21079 | Lair:6   | Noticed a dire elephant
 21312 | Lair:5   | Killed a dire elephant
 21840 | Lair:5   | Killed a dire elephant
 21840 | Lair:5   | Reached skill level 18 in Stealth
 21934 | Lair:6   | Got a crude turquoise ring
 22041 | Lair:6   | Killed a dire elephant
 22129 | Lair:6   | Killed a dire elephant
 22135 | Lair:6   | Identified the ring "Foker" {+Blink +Fly rF+ rN+ Dex+6}
                  | (You found it on level 6 of the Lair of Beasts)
 22457 | D:10     | Found a deep blue altar of Sif Muna.
 23305 | D:11     | Reached ***** piety under Dithmenos
 23667 | D:11     | Reached skill level 19 in Stealth
 23775 | D:12     | Noticed Nergalle
 23788 | D:12     | Killed Nergalle
 24058 | D:12     | Found a staircase to the Orcish Mines.
 24448 | D:12     | Learned a level 2 spell: Swiftness
 24546 | D:12     | Noticed Nessos
 24550 | D:12     | Killed Nessos
 24645 | D:12     | Reached skill level 20 in Stealth
 24874 | Orc:1    | Entered Level 1 of the Orcish Mines
 24981 | Orc:1    | Reached XP level 15. HP: 75/75 MP: 12/19
 25715 | Orc:2    | Entered Level 2 of the Orcish Mines
 25753 | Orc:2    | Found a staircase to the Elven Halls.
 26102 | Orc:2    | Reached skill level 21 in Stealth
 26250 | Orc:2    | Noticed Saint Roka
 26372 | Orc:2    | Reached ****** piety under Dithmenos
 26396 | Orc:2    | Found Xoyseili's General Store.
 26632 | Orc:2    | Noticed an orc warlord
 26679 | Orc:1    | Killed an orc warlord
 26758 | Orc:2    | Found Hiluru's Book Shop.
 26974 | Orc:2    | Found Hyluirchi's Antique Armour Shoppe.
 26982 | Orc:2    | Bought a buckler for 130 gold pieces
 27232 | Orc:2    | Found Zare's Antique Weapon Emporium.
 27310 | Orc:2    | Reached skill level 1 in Shields
 27630 | Orc:2    | Bought a scroll of teleportation for 42 gold pieces
 27652 | Orc:2    | Killed Saint Roka
 27873 | Orc:2    | Bought a book of Enchantments for 900 gold pieces
 27880 | Orc:2    | Learned a level 6 spell: Deflect Missiles
 27964 | D:13     | Noticed a fire giant
 27966 | D:13     | Killed a fire giant
 28148 | D:13     | Reached skill level 1 in Charms
 28270 | D:13     | Noticed Azrael
 28274 | D:13     | Killed Azrael
 28432 | D:13     | Reached skill level 1 in Evocations
 28745 | D:13     | Found the +12 Vampire's Tooth {vamp}
 29085 | D:14     | Found a gate to the Vaults.
 29095 | D:14     | Reached XP level 16. HP: 80/80 MP: 5/21
 29181 | D:14     | Reached skill level 5 in Evocations
 29757 | D:15     | Entered Level 15 of the Dungeon
 30684 | D:15     | Reached skill level 5 in Charms
 30964 | D:15     | Found a staircase to the Depths.
 31476 | Lair:1   | Learned a level 5 spell: Yara's Violent Unravelling
 31561 | Spider:1 | Entered Level 1 of the Spider Nest
 32112 | Orc:2    | Bought the Incunabulum of Boosts and the Volcanoes for 1260
                  | gold pieces
 32721 | Spider:2 | Learned a level 3 spell: Regeneration
 32782 | Spider:2 | Reached XP level 17. HP: 84/84 MP: 19/25
 32832 | Spider:2 | Reached skill level 5 in Spellcasting
 33139 | Spider:2 | Learned a level 2 spell: Shroud of Golubria
 34235 | Spider:3 | Found a runed translucent gate.
 34236 | Spider:3 | Found a runed translucent gate.
 34237 | Spider:3 | Noticed P0WERM0DE's ghost (journeyman DDFi)
 34239 | Spider:3 | Found a runed translucent gate.
 34325 | Spider:3 | Killed P0WERM0DE's ghost
 35309 | Spider:4 | Entered Level 4 of the Spider Nest
 35349 | Spider:4 | Learned a level 5 spell: Silence
 36232 | Spider:4 | Noticed Arachne
 36237 | Spider:4 | Killed Arachne
 36237 | Spider:4 | Reached skill level 5 in Shields
 36268 | Spider:3 | HP: 2/84 [redback (7)]
 37111 | Spider:4 | Reached XP level 18. HP: 88/88 MP: 32/32
 37185 | Spider:4 | Got a gossamer rune of Zot
 37521 | Lair:1   | Upgraded the game from 0.24-a0-284-g9fb9971df1 to
                  | 0.24-a0-290-gbb66a672fa
 37614 | Shoals:1 | Entered Level 1 of the Shoals
 37737 | Shoals:1 | Reached skill level 10 in Charms
 37855 | Shoals:1 | Got a scorched short sword
 37861 | Shoals:1 | Identified the +4 short sword of Veatodorph {freeze, +Rage
                  | rElec Str+3 Int-5} (You found it on level 1 of the Shoals)
 39147 | Shoals:3 | Reached skill level 10 in Shields
 39490 | Shoals:3 | Found a sacrificial altar of Ru.
 40229 | Shoals:4 | Entered Level 4 of the Shoals
 40281 | Shoals:4 | Found Foxiotynk's Food Shoppe.
 41263 | Shoals:4 | Found a runed translucent door.
 41315 | Shoals:4 | Noticed P0WERM0DE's ghost (adept DDFi)
 41320 | Shoals:4 | Killed P0WERM0DE's ghost
 41346 | Shoals:4 | Reached XP level 19. HP: 92/92 MP: 33/33
 41575 | Shoals:4 | HP: 2/92 [tentacle[a kraken simulacrum] (21)]
 41581 | Shoals:4 | HP: 3/92 [sea snake (6)]
 41582 | Shoals:4 | Succumbed to a sea snake's poison

Levels and vault maps discovered:
D:1:      onia_arrival_mini_spirals, layout_basic, minmay_pentomino_p2
D:2:      layout_rooms, trog_hazing_becter
D:3:      layout_basic, lemuel_crystal_altar, old_standard_altar,
          kennysheep_small_spiral
D:4:      layout_cave_pods, grunt_temple_overflow_growth_and_decay,
          nicolae_qazlal_general_emergency, nemelex_xobeh_ov_fountains_minmay,
          minmay_temple_entry_arrows, first_ration, minmay_misc_feat_x,
          chequers_decorated_corner
D:5:      layout_loops_corners, kennysheep_little_box, lemuel_altar_in_water,
          uniq_duvessa, uniq_ijyb
D:6:      layout_basic, serial_shops, shop_fountains, grunt_dithmenos_smoke
D:7:      layout_basic, lemuel_coloured_pillars_altar,
          nicolae_overflow_quartered_altars, nicolae_tso_besieged_by_evil
D:8:      layout_loops_ring, blue_anna_alchemist [blue_anna_fruit_fields,
          blue_anna_fruit_fields]
D:9:      layout_loops_ring, lair_entry_dummy, kennysheep_generic_room_13
D:10:     layout_small_grid, lemuel_blue_sif_altar
D:11:     layout_stronghold
D:12:     minmay_inner_zag, layout_irregular_city,
          kennysheep_orc_monster_closet_entryway, uniq_nergalle, uniq_nessos
D:13:     minmay_diamond_stairs, layout_rooms,
          minmay_guarded_unrand_vampires_tooth, uniq_azrael
D:14:     layout_loops_ring, erik_vaults_2, kennysheep_cross_landing
D:15:     grunt_enter_depths_magical_seal, layout_basic, roderic_lattice_a,
          nrook_mini_vaults, drop_trap
Temple:   dpeg_chambers_temple
Lair:1:   dragon1_lemuel, layout_regular_city
Lair:2:   layout_small_grid, spider_nest_entry_funnel_web, beast_lair_carwin_10,
          uniq_gastronok
Lair:3:   layout_gridlike, shoals_dummy_entry, lemuel_fruit_tree
Lair:4:   layout_regular_city, portal_ice_cave_rime, dpeg_oklob_1
Lair:5:   layout_roguey, ebering_ghost_funeral_grove, beast_lair_carwin_3,
          serial_bayou_shore_b, serial_bayou_shore_a, lemuel_fruit_fields
Lair:6:   due_jungle_book, layout_misc_corridors, slime_altar_1,
          infiniplex_staircase_pool
Shoals:1: layout_shoals
Shoals:2: layout_shoals
Shoals:3: layout_shoals, lemuel_oklob_altar
Shoals:4: shoals_end_grunt_ice, layout_shoals, ebering_ghost_reflecting_pool,
          serial_shops, shop, nicolae_shoals_arrival_archipelago
Spider:1: layout_spider_delve
Spider:2: layout_chambers
Spider:3: layout_chambers, ebering_ghost_rock_garden
Spider:4: grunt_spider_rune_circles, uniq_arachne
Orc:1:    layout_caves, mines3_lemuel
Orc:2:    grunt_orc_gardens, layout_caves, grunt_orc_garden, grunt_orc_garden,
          grunt_orc_garden, grunt_orc_garden, uniq_saint_roka

Skill      XL: |  1  2  3  4  5  6  7  8  9 10 11 12 13 14 15 16 17 18 |
---------------+-------------------------------------------------------+-----
Short Blades   | 1 2 3 4 5 7 10 | 10.2
Hexes          | 4 5 6 7 9 11 12 | 12.7
Stealth        | 4 8 10 13 17 20 21 | 21.7
Fighting       | 4 6 7 |  7.0
Armour         | 5 6 8 |  8.1
Dodging        | 2 |  2.0
Shields        | 4 8 12 | 12.4
Charms         | 2 7 9 11 | 11.3
Spellcasting   | 3 4 9 |  9.1
Evocations     | 3 7 |  7.0

Action                   |  1- 3 |  4- 6 |  7- 9 | 10-12 | 13-15 | 16-18 | 19-21 || total
-------------------------+-------+-------+-------+-------+-------+-------+-------++-------
Melee: Dagger            |   109 |   122 |   279 |   562 |  1366 |       |       ||  2438
       Bite              |    23 |    34 |    80 |   172 |   578 |   634 |    16 ||  1537
       Rapier            |       |       |       |       |    15 |       |       ||    15
       Quick blade       |       |       |       |       |    15 |  1553 |    38 ||  1606
Throw: Tomahawk          |       |       |       |     4 |     8 |     1 |       ||    13
 Cast: Corona            |     5 |       |       |       |       |       |       ||     5
       Ensorcelled Hiber |    12 |    12 |     5 |     1 |    12 |     1 |       ||    43
       Confuse           |       |    25 |    48 |   145 |   364 |   358 |     1 ||   941
       Cause Fear        |       |       |       |     1 |     3 |     3 |       ||     7
       Regeneration      |       |       |       |       |       |    10 |     1 ||    11
       Shroud of Golubri |       |       |       |       |       |    30 |     1 ||    31
       Swiftness         |       |       |       |       |       |     2 |     1 ||     3
Invok: Shadow Step       |       |       |       |     2 |     6 |    16 |       ||    24
 Abil: Evoke Flight      |       |       |       |       |       |    26 |     2 ||    28
  Use: Scroll            |       |     7 |     7 |    11 |     5 |    15 |     4 ||    49
       Potion            |       |       |       |       |     1 |     5 |     2 ||     8
 Stab: Sleeping          |     9 |     8 |     7 |    29 |    97 |   113 |     6 ||   269
       Confused          |       |     4 |    20 |    76 |   177 |   194 |     1 ||   472
       Distracted        |       |       |       |     1 |     6 |     4 |       ||    11
       Invisible         |       |       |       |       |     4 |       |       ||     4
       Held in net/web   |       |       |       |       |       |     4 |       ||     4
  Eat: Chunk             |     4 |     7 |    16 |    33 |    74 |    44 |     1 ||   179
       Ration            |       |     2 |     1 |     2 |     4 |     4 |       ||    13
Armor: Robe              |    14 |       |    62 |    48 |       |       |       ||   124
       Animal skin       |     2 |    15 |       |       |       |       |       ||    17
       Steam dragon scal |       |       |       |   131 |   360 |   307 |     6 ||   804
Dodge: Dodged            |    74 |    52 |   138 |   318 |   656 |   566 |     9 ||  1813
       Deflected         |       |       |       |       |     9 |    37 |     1 ||    47
Block: Buckler           |       |       |       |       |    41 |   409 |     4 ||   454

Table legend:
 A = Non-vault XP
 B = Vault XP
 C = Vault XP percentage of total XP
 D = Non-vault monster count
 E = Vault monster count
 F = Vault count percentage of total count
                 A         B        C        D         E       F
            +---------+---------+-------+---------+---------+-------
      Total |  226081 |   97000 |  30.0 |     946 |     220 |  18.9
            +---------+---------+-------+---------+---------+-------
        D:1 |      38 |       3 |   7.3 |      18 |       2 |  10.0
        D:2 |      38 |       9 |  19.1 |      17 |       6 |  26.1
        D:3 |     147 |       0 |   0.0 |      23 |       0 |   0.0
        D:4 |     211 |       0 |   0.0 |       8 |       0 |   0.0
        D:5 |     399 |     261 |  39.5 |      17 |       3 |  15.0
        D:6 |     883 |       0 |   0.0 |      17 |       0 |   0.0
        D:7 |    1784 |      18 |   1.0 |       7 |       8 |  53.3
        D:8 |    1172 |      97 |   7.6 |      23 |       1 |   4.2
        D:9 |    1585 |       0 |   0.0 |      36 |       0 |   0.0
       D:10 |    2024 |       0 |   0.0 |      19 |       0 |   0.0
       D:11 |    4787 |     139 |   2.8 |      44 |       2 |   4.3
       D:12 |    5537 |    4354 |  44.0 |      44 |      26 |  37.1
       D:13 |    3484 |    9710 |  73.6 |      14 |      19 |  57.6
       D:14 |    6656 |    9489 |  58.8 |      24 |      12 |  33.3
       D:15 |   17481 |    4353 |  19.9 |      57 |      10 |  14.9
     Lair:1 |    3931 |    1049 |  21.1 |      22 |       1 |   4.3
     Lair:2 |    9033 |    5348 |  37.2 |      37 |      16 |  30.2
     Lair:3 |    4616 |       0 |   0.0 |      19 |       0 |   0.0
     Lair:4 |   11231 |    3205 |  22.2 |      34 |       7 |  17.1
     Lair:5 |    9709 |    1836 |  15.9 |      30 |       4 |  11.8
     Lair:6 |   10489 |    2871 |  21.5 |      41 |       5 |  10.9
   Shoals:1 |   10126 |       0 |   0.0 |      24 |       0 |   0.0
   Shoals:2 |    9196 |       0 |   0.0 |      22 |       0 |   0.0
   Shoals:3 |   23879 |       0 |   0.0 |      52 |       0 |   0.0
   Shoals:4 |   18686 |   12435 |  40.0 |      43 |      22 |  33.8
   Spider:1 |   11634 |       0 |   0.0 |      38 |       0 |   0.0
   Spider:2 |    8482 |       0 |   0.0 |      23 |       0 |   0.0
   Spider:3 |   22019 |    1419 |   6.1 |      69 |       1 |   1.4
   Spider:4 |   13729 |   24750 |  64.3 |      37 |      36 |  49.3
      Orc:1 |    8548 |    3650 |  29.9 |      41 |       6 |  12.8
      Orc:2 |    4547 |   12004 |  72.5 |      46 |      33 |  41.8
            +---------+---------+-------+---------+---------+-------
